 Dungeon Sprint DCSS version 0.17-a0-1987-gaf5a542 (webtiles) character file.

115114 Kidiri the Imperceptible (level 15, -2/58 (63) HPs)
             Began as a Spriggan Enchanter on Oct 6, 2015.
             Was the Champion of Dithmenos.
             Killed by the air
             ... invoked by a titan
              (30 damage)
             ... in the Dungeon (Sprint III: "The Ten Rune Challenge").
             The game lasted 01:08:08 (12035 turns).

Kidiri the Imperceptible (Spriggan Enchanter)      Turns: 12035, Time: 01:08:08

HP:   -2/58 (63)    AC:  6    Str: 23    XL:     15   Next: 42%
MP:   29/43         EV: 39    Int: 27    God:    Dithmenos [******]
Gold: 1970          SH: 10    Dex: 21    Spells: 12 memorised, 2 levels left

rFire  + + .     SeeInvis +     d - +11 rapier of Kum Diha {venom, rPois rF+ Str+4}
rCold  + . .     Clarity  .     C - +1 robe "Lyrph" {*Corrode rF+ Str+4 Int+6}
rNeg   + . .     SustAt   .     n - +1 buckler {rC+}
rPois  +         Gourm    .     y - +0 hat
rElec  .         Spirit   .     k - +0 cloak "Ysiokk" {*Corrode +Blink rPois MR+}
rCorr  .         Warding  .     (gloves unavailable)
rMut   .         NoTele   +     (boots unavailable)
MR     +++..                    (no amulet)
Stlth  ++++++++++               P - ring of Fanuunes {+Inv Stlth+}
                                A - ring "Juujecej" {*Drain +Fly rN+ Str+9 Stlth+}

@: very slightly contaminated, wreathed by umbra, studying Stealth, very quick,
extremely resistant to hostile enchantments, uncannily stealthy
A: unfitting armour, horns 1, molten scales 1, see invisible, agile 1, herbivore
3, speed 3, high mp 1, slow metabolism 2, strong 1
a: Shadow Step, Shadow Form, Renounce Religion, Evoke Blink, Evoke Invisibility,
Evoke Flight
}: 2/10 runes: decaying, barnacled


You were in the Dungeon.
You worshipped Dithmenos.
Dithmenos was exalted by your worship.
You were not hungry.

You visited 1 branch You collected 3813 gold pieces.
You spent 1843 gold pieces at shops.

Inventory:

Hand Weapons
 d - the +11 rapier of Kum Diha (weapon) {venom, rPois rF+ Str+4}
   (You found it in the Dungeon)

   It poisons the flesh of those it strikes.
   It affects your strength (+4).
   It protects you from fire.
   It protects you from poison.
Missiles
 B - a throwing net (quivered)
Armour
 k - the +0 cloak "Ysiokk" (worn) {*Corrode +Blink rPois MR+}
   (You acquired it in the Dungeon)

   It protects you from poison.
   It affects your resistance to hostile enchantments.
   It lets you blink.
   It may corrode your equipment when you take damage.
 n - a +1 buckler of cold resistance (worn)
 y - a +0 hat (worn)
 C - the +1 robe "Lyrph" (worn) {*Corrode rF+ Str+4 Int+6}
   (You bought it in a shop in the Dungeon)

   It affects your strength (+4).
   It affects your intelligence (+6).
   It protects you from fire.
   It may corrode your equipment when you take damage.
 Z - the +0 robe "Gug Lova" {rElec rCorr Str-5}
   (You took it off a deep elf conjurer in the Dungeon)

   It affects your strength (-5).
   It insulates you from electricity.
   It protects you from acid and corrosion.
Jewellery
 A - the ring "Juujecej" (left hand) {*Drain +Fly rN+ Str+9 Stlth+}
   (You took it off a deep elf master archer in the Dungeon)

   [ring of flight]

   It affects your strength (+9).
   It protects you from negative energy.
   It lets you fly.
   It causes draining when unequipped.
   It makes you more stealthy.
 P - the ring of Fanuunes (right hand) {+Inv Stlth+}
   (You found it in the Dungeon)

   [ring of stealth]

   It lets you turn invisible.
   It makes you more stealthy.
 Q - a +5 ring of intelligence
Wands
 b - a wand of heal wounds (5)
 f - a wand of heal wounds (4)
 l - a wand of enslavement (3)
 o - a wand of digging (11)
 D - a wand of polymorph (16)
 S - a wand of heal wounds (5)
Scrolls
 p - a scroll of torment
 r - 3 scrolls of remove curse
 u - a scroll of holy word
 z - a scroll of amnesia
 W - a scroll of blinking
 X - 5 scrolls of silence
Potions
 a - a potion of berserk rage
 e - 2 potions of curing
 g - a potion of haste
 i - 2 potions of cancellation
 s - 2 potions of lignification
 t - 3 potions of flight
 w - 3 potions of cure mutation
 x - 2 potions of agility
 O - 2 potions of brilliance {unknown}
Books
 m - a manual of Stealth
 T - a book of Enchantments

   Spells                             Type                      Level
   a - Cause Fear                     Hexes                        4
   b - Silence                        Hexes/Air                    5
   c - Deflect Missiles               Charms/Air                   6
   d - Haste                          Charms                       6
   e - Discord                        Hexes                        8
Comestibles
 v - 25 royal jellies


   Skills:
 * Level 18.2 Short Blades
 + Level 9.9 Armour
 * Level 22.4 Dodging
 + Level 24.3 Stealth
 * Level 8.4 Shields
 * Level 19.5 Spellcasting
 + Level 9.7 Conjurations
 + Level 14.9 Hexes
 + Level 3.6 Charms
 + Level 5.8 Summonings
 + Level 10.4 Ice Magic
 + Level 2.2 Air Magic
 + Level 9.6 Earth Magic
 + Level 11.2 Poison Magic
 - Level 2.1 Invocations
 - Level 8.8 Evocations


You had 2 spell levels left.
You knew the following spells:

 Your Spells              Type           Power        Failure   Level  Hunger
a - Corona                Hex            #######      0%          1    None
b - Ensorcelled Hibernat  Hex/Ice        ######       0%          2    None
c - Confuse               Hex            #######.     0%          3    None
d - Tukima's Dance        Hex            #######.     0%          3    None
e - Dazzling Spray        Conj/Hex       #######.     1%          3    None
f - Fulminant Prism       Conj/Hex       #######...   1%          4    None
g - Iskenderun's Mystic   Conj           ######..     1%          4    None
h - Venom Bolt            Conj/Pois      ######....   1%          5    None
i - Iron Shot             Conj/Erth      ######....   6%          6    ##.....
j - Orb of Destruction    Conj           ######....   28%         7    ####...
k - Spellforged Servitor  Conj/Summ      ######....   63%         7    ####...
l - Deflect Missiles      Chrm/Air       #####.....   82%         6    ##.....


Dungeon Overview and Level Annotations

Branches:
Dungeon (1/1)

Altars:
Cheibriados
Dithmenos
Elyvilon
Fedhas
Gozag
Kikubaaqudgha
Makhleb
Nemelex Xobeh
Okawaru
Qazlal
Ru
Sif Muna
Trog
Vehumet
Xom
Yredelemnul
Zin
The Shining One
Jiyva
Lugonu

Shops:
D }(!%:?(:*?}*=}*[%(!


Innate Abilities, Weirdness & Mutations

You are tiny and cannot use many weapons and most armour.
You have supernaturally acute eyesight.
You are a herbivore.
You cover ground extremely quickly.
You need consume almost no food.
You have a pair of small horns on your head.
You are partially covered in molten scales (AC +1).
You are agile. (Dex +2)
You have an increased reservoir of magic (+10% MP).
Your muscles are strong. (Str +2)


Message History

Confirm with . or Enter, or press ? or * to list all spells.
The spell is very dangerous to cast!
Continue anyway?
Aiming: Orb of Destruction
Press: ? - help, Shift-Dir - straight line, f/p - vault guard
Aim: a vault guard, wielding a great sword of venom and wearing a glowing chain mail (hasn't noticed you, umbra)
You miscast Orb of Destruction.
You are very lightly contaminated with residual magic.
You are blasted with magical energy!
Ouch! That really hurt!
You emit a cloud of dark smoke.
The vault guard shouts! x3
The titan shouts!
The vault guard shouts!
The vault guard shouts!
The vault guard shouts!
The shadow dragon roars!
The vault guard shouts!
The shadow dragon roars!
The vault guard shouts!
The vault guard shouts!
The shadow dragon roars!
The frost giant shouts!
The vault guard shouts!
The vault guard shouts!
The titan waves its arms in wide circles.
The air twists around and strikes you!
Ouch! That really hurt!
You die...

####*****##############
...#*,,,,CCp.p.§@§≈≈≈≈#
##.#*,,,,cCppp.§#§≈≈≈≈#
.#.#*,,,,C..pp.u#.≈≈≈≈#
##.#*,,,,.DzbJbb#.≈≈≈.#
...#*,,,,.Dppp..#≈≈≈≈≈#
####*,,,,.zpppb.#.≈...#
##***,,,,.CDp..b#.....#
≈#,**,,,,..ppb..#.....#
≈####################'#


You could see 3 shadow dragons, 2 titans, 2 frost giants, a stone giant, 16
vault guards, a brown ugly thing, 2 skeletal warriors, a slime creature and a
centaur warrior (wandering).

Vanquished Creatures
  Norris (D)
  A bone dragon (D)
  Rupert (D)
  A lich (D)
  A deep elf master archer (D)
  Gastronok (D)
  Harold (D)
  Chuck (D)
  A kraken (D)
  2 sphinxes (D)
  2 shadow dragons (D)
  4 azure jellies (D)
  Maud (D)
  2 vampire knights (D)
  Azrael (D)
  3 deep elf annihilators (D)
  2 dire elephants (D)
  Snorg (D)
  4 mummy priests (D)
  2 deep elf death magi (D)
  A fire dragon (D)
  2 yaktaur captains (D)
  3 hydras (D)
  An ogre mage (D)
  2 centaur warriors (D)
  2 alligator snapping turtles (D)
  4 dancing weapons (D)
  A shock serpent (shapeshifter) (D)
  4 death yaks (D)
  2 deep elf knights (D)
  2 skeletal warriors (D)
  A death drake (shapeshifter) (D)
  An unseen horror (D)
  A giant orange brain (shapeshifter) (D)
  3 death drakes (D)
  A lindwurm (shapeshifter) (D)
  A spectral hydra (D)
  A spriggan druid (D)
  2 deep elf summoners (D)
  2 obsidian statues (D)
  A lindwurm (D)
  A deep troll (shapeshifter) (D)
  2 deep elf conjurers (D)
  Joseph (D)
  3 ugly things (D)
  4 crystal guardians (D)
  2 elephants (D)
  2 black mambas (D)
  A torpor snail (shapeshifter) (D)
  A komodo dragon (D)
  A komodo dragon (shapeshifter) (D)
  2 spiny frogs (D)
  3 yaktaurs (D)
  A fire drake (D)
  17 guardian mummies (D)
  3 wandering mushrooms (D)
  4 spriggan defenders (D)
  2 slime creatures (D)
  8 blink frogs (D)
  2 orc high priests (D)
  A queen bee (D)
  4 snapping turtles (D)
  A shadow (D)
  3 redbacks (D)
  2 spriggans (D)
  A spatial vortex (D)
  A swamp drake (D)
  2 fire dragon simulacra (D)
  2 swamp dragon skeletons (D)
  2 centaurs (D)
  A necrophage (D)
  An earth elemental (D)
  2 brain worms (D)
  A water elemental (D)
  32 killer bees (D)
  An electric eel (D)
  2 orc wizards (D)
  A jelly (D)
  6 orc priests (D)
  Jessica (D)
  A wizard (D)
  3 necromancers (D)
  A polar bear simulacrum (D)
  A wolf simulacrum (D)
  3 humans (D)
  A kobold demonologist (D)
  A giant eyeball (D)
  2 oozes (D)
  An adder zombie (D)
  A phantom (D)
  11 orcs (D)
  A giant gecko zombie (D)
  A jackal simulacrum (D)
  2 rats (D)
  7 bushes (D)
  A butterfly (D)
  4 fungi (D)
  16 plants (D)
256 creatures vanquished.

Vanquished Creatures (collateral kills)
  A vampire knight (D)
  A deep elf priest (D)
2 creatures vanquished.

Vanquished Creatures (others)
  2 draconian scorchers (D)
  Nessos (D)
  A dancing weapon (D)
  3 yaktaurs (D)
  A bush (D)
  10 fulminant prisms (D)
  A fungus (D)
  10 plants (D)
  8 tentacles (D)
  14 tentacle segments (D)
51 creatures vanquished.

Grand Total: 309 creatures vanquished

Notes
Turn   | Place    | Note
--------------------------------------------------------------
     0 | D        | Kidiri the Spriggan Enchanter began the quest for the Orb.
     0 | D        | Reached XP level 1. HP: 9/9 MP: 5/5
     9 | D        | Reached skill level 5 in Stealth
    19 | D        | Reached XP level 2. HP: 7/13 MP: 5/7
    23 | D        | Learned a level 2 spell: Ensorcelled Hibernation
   172 | D        | Killed a white draconian scorcher
   179 | D        | Noticed Jessica
   198 | D        | Killed Jessica
   198 | D        | Reached skill level 1 in Armour
   198 | D        | Reached skill level 6 in Stealth
   198 | D        | Reached XP level 3. HP: 16/16 MP: 0/9
   218 | D        | Learned a level 3 spell: Confuse
   222 | D        | Learned a level 3 spell: Dazzling Spray
   259 | D        | Killed a yaktaur
   304 | D        | Reached skill level 5 in Dodging
   304 | D        | Reached skill level 1 in Ice Magic
   323 | D        | Gained mutation: You have an increased reservoir of magic (+10% MP). [potion of mutation]
   323 | D        | Gained mutation: You are agile. (Dex +2) [potion of mutation]
   323 | D        | Gained mutation: You are partially covered in molten scales (AC +1). [potion of mutation]
   324 | D        | Gained mutation: You have a pair of small horns on your head. [potion of mutation]
   324 | D        | Gained mutation: Your muscles are strong. (Str +2) [potion of mutation]
   332 | D        | Noticed a water elemental
   333 | D        | Killed a white draconian scorcher
   334 | D        | Killed a water elemental
   334 | D        | Reached skill level 7 in Stealth
   334 | D        | Reached skill level 5 in Spellcasting
   334 | D        | Reached skill level 1 in Conjurations
   334 | D        | Reached XP level 4. HP: 21/21 MP: 11/13
   339 | D        | Learned a level 3 spell: Tukima's Dance
   363 | D        | Noticed a jelly
   364 | D        | Noticed a shadow
   392 | D        | Killed a shadow
   392 | D        | Reached skill level 5 in Short Blades
   392 | D        | Reached skill level 9 in Stealth
   392 | D        | Reached skill level 5 in Hexes
   392 | D        | Reached XP level 5. HP: 18/24 MP: 2/16
   392 | D        | Reached XP level 6. HP: 21/28 MP: 2/18
   551 | D        | Killed a jelly
   555 | D        | Found a stormy altar of Qazlal.
   555 | D        | Found a sacrificial altar of Ru.
   555 | D        | Found a burning altar of Makhleb.
   555 | D        | Found a shimmering altar of Xom.
   556 | D        | Noticed a spatial vortex
   556 | D        | Found a viscous altar of Jiyva.
   556 | D        | Found a shadowy altar of Dithmenos.
   556 | D        | Found a sparkling altar of Nemelex Xobeh.
   556 | D        | Found a corrupted altar of Lugonu.
   556 | D        | Found an opulent altar of Gozag.
   560 | D        | Became a worshipper of Dithmenos the Shadowed
   561 | D        | Killed a spatial vortex
   561 | D        | Reached skill level 10 in Stealth
   561 | D        | Reached skill level 1 in Invocations
   588 | D        | Found a radiant altar of Vehumet.
   589 | D        | Found a deep blue altar of Sif Muna.
   589 | D        | Found an ancient bone altar of Kikubaaqudgha.
   589 | D        | Noticed a wizard
   590 | D        | Killed a wizard
   610 | D        | Learned a level 4 spell: Fulminant Prism
   615 | D        | Learned a level 4 spell: Iskenderun's Mystic Blast
   624 | D        | Found a glowing silver altar of Zin.
   625 | D        | Found a glowing golden altar of the Shining One.
   625 | D        | Found a white marble altar of Elyvilon.
   625 | D        | Noticed a deep elf priest
   634 | D        | Killed a deep elf priest
   634 | D        | Reached XP level 7. HP: 32/32 MP: 0/21
   761 | D        | Found an iron altar of Okawaru.
   762 | D        | Found a bloodstained altar of Trog.
   762 | D        | Noticed a human
   762 | D        | Noticed a human
   765 | D        | Killed a human
   765 | D        | Reached skill level 10 in Dodging
   765 | D        | Reached skill level 11 in Stealth
   767 | D        | Killed a human
   898 | D        | Found a snail-covered altar of Cheibriados.
   898 | D        | Noticed a necrophage
   901 | D        | Noticed a necromancer
   902 | D        | Killed a necrophage
   902 | D        | Acquired Dithmenos's first power
   902 | D        | Reached XP level 8. HP: 36/36 MP: 17/24
   906 | D        | Killed a necromancer
   907 | D        | Found a basalt altar of Yredelemnul.
   907 | D        | Found a blossoming altar of Fedhas.
   978 | D        | Noticed Snorg
   982 | D        | Killed Snorg
   982 | D        | Reached skill level 12 in Stealth
   982 | D        | Reached skill level 10 in Spellcasting
   989 | D        | Learned a level 5 spell: Venom Bolt
   994 | D        | Noticed an earth elemental
   997 | D        | Killed an earth elemental
   997 | D        | Reached skill level 13 in Stealth
  1002 | D        | Noticed a centaur
  1002 | D        | Noticed a centaur warrior
  1002 | D        | Noticed a centaur
  1004 | D        | Killed a centaur
  1004 | D        | Reached XP level 9. HP: 39/39 MP: 26/26
  1010 | D        | Killed a centaur warrior
  1010 | D        | Acquired Dithmenos's second power
  1012 | D        | Killed a centaur
  1113 | D        | Noticed an unseen horror
  1115 | D        | Killed an unseen horror
  1115 | D        | Reached skill level 10 in Short Blades
  1115 | D        | Reached skill level 14 in Stealth
  1115 | D        | Reached skill level 5 in Ice Magic
  1125 | D        | Noticed a killer bee
  1125 | D        | Noticed a killer bee
  1125 | D        | Noticed a killer bee
  1125 | D        | Noticed a killer bee
  1125 | D        | Noticed a killer bee
  1125 | D        | Noticed a killer bee
  1125 | D        | Noticed a killer bee
  1125 | D        | Noticed a killer bee
  1125 | D        | Noticed a killer bee
  1125 | D        | Noticed a killer bee
  1125 | D        | Noticed a killer bee
  1125 | D        | Noticed a killer bee
  1125 | D        | Noticed a killer bee
  1125 | D        | Noticed a killer bee
  1125 | D        | Noticed a killer bee
  1126 | D        | Noticed a killer bee
  1126 | D        | Noticed a killer bee
  1126 | D        | Noticed a killer bee
  1126 | D        | Noticed a killer bee
  1126 | D        | Noticed a killer bee
  1126 | D        | Noticed a killer bee
  1126 | D        | Noticed a queen bee
  1126 | D        | Noticed a killer bee
  1126 | D        | Noticed a killer bee
  1126 | D        | Noticed a killer bee
  1126 | D        | Noticed a killer bee
  1126 | D        | Noticed a killer bee
  1126 | D        | Noticed a killer bee
  1126 | D        | Noticed a killer bee
  1126 | D        | Noticed a killer bee
  1126 | D        | Noticed a killer bee
  1126 | D        | Noticed a killer bee
  1126 | D        | Noticed a killer bee
  1127 | D        | Killed a killer bee
  1128 | D        | Killed a killer bee
  1130 | D        | Killed a killer bee
  1130 | D        | Acquired Dithmenos's third power
  1130 | D        | Killed a killer bee
  1130 | D        | Killed a killer bee
  1130 | D        | Reached skill level 5 in Armour
  1135 | D        | Killed a killer bee
  1136 | D        | Killed a killer bee
  1137 | D        | Killed a killer bee
  1138 | D        | Killed a killer bee
  1138 | D        | Acquired Dithmenos's fourth power
  1143 | D        | Killed a killer bee
  1149 | D        | Killed a killer bee
  1158 | D        | Killed a killer bee
  1162 | D        | Killed a killer bee
  1166 | D        | Killed a killer bee
  1171 | D        | Killed a killer bee
  1171 | D        | Reached XP level 10. HP: 22/44 MP: 0/29
  1181 | D        | Killed a killer bee
  1185 | D        | Killed a killer bee
  1193 | D        | Killed a killer bee
  1203 | D        | Killed a killer bee
  1214 | D        | Killed a killer bee
  1220 | D        | Killed a killer bee
  1224 | D        | Killed a killer bee
  1230 | D        | Killed a queen bee
  1230 | D        | Reached skill level 15 in Stealth
  1366 | D        | Killed a killer bee
  1372 | D        | Killed a killer bee
  1375 | D        | Killed a killer bee
  1376 | D        | Killed a killer bee
  1377 | D        | Killed a killer bee
  1382 | D        | Killed a killer bee
  1382 | D        | Killed a killer bee
  1382 | D        | Killed a killer bee
  1383 | D        | Killed a killer bee
  1386 | D        | Killed a killer bee
  1597 | D        | Learned a level 6 spell: Iron Shot
  1599 | D        | Noticed a wandering mushroom
  1600 | D        | Noticed a wandering mushroom
  1600 | D        | Noticed a wandering mushroom
  1602 | D        | Killed a wandering mushroom
  1604 | D        | Killed a wandering mushroom
  1604 | D        | Reached skill level 5 in Conjurations
  1605 | D        | Killed a wandering mushroom
  1605 | D        | Reached skill level 1 in Earth Magic
  1642 | D        | Noticed a spiny frog
  1642 | D        | Noticed a komodo dragon
  1642 | D        | Noticed a spiny frog
  1646 | D        | Killed a spiny frog
  1648 | D        | Killed a spiny frog
  1649 | D        | Killed a komodo dragon
  1654 | D        | Noticed a redback
  1656 | D        | Killed a redback
  1657 | D        | Noticed a brain worm
  1661 | D        | Killed a brain worm
  1666 | D        | Noticed a brain worm
  1668 | D        | Killed a brain worm
  1674 | D        | Noticed a lindwurm
  1676 | D        | Noticed a redback
  1677 | D        | Killed a lindwurm
  1677 | D        | Reached skill level 16 in Stealth
  1679 | D        | Killed a redback
  1684 | D        | Noticed a redback
  1685 | D        | Killed a redback
  1689 | D        | Noticed Maud
  1691 | D        | Killed Maud
  1691 | D        | Reached skill level 15 in Dodging
  1691 | D        | Reached skill level 10 in Hexes
  1691 | D        | Reached XP level 11. HP: 47/47 MP: 31/31
  1699 | D        | Noticed an electric eel
  1700 | D        | Noticed a six-headed hydra
  1700 | D        | Noticed a six-headed hydra
  1701 | D        | Killed an electric eel
  1704 | D        | Killed a six-headed hydra
  1704 | D        | Reached skill level 5 in Poison Magic
  1705 | D        | Killed a six-headed hydra
  1717 | D        | Noticed a death drake
  1720 | D        | Killed a death drake
  1720 | D        | Reached skill level 17 in Stealth
  1748 | D        | Found a blossoming altar of Fedhas.
  1748 | D        | Noticed a spriggan
  1748 | D        | Noticed a spriggan druid
  1748 | D        | Noticed a spriggan
  1750 | D        | Killed a spriggan druid
  1751 | D        | Killed a spriggan
  1752 | D        | Killed a spriggan
  1775 | D        | Noticed a death drake
  1777 | D        | Killed a death drake
  1781 | D        | Noticed a death drake
  1782 | D        | Found Mimaz's Book Emporium.
  1782 | D        | Found Okoky's Magic Scroll Shop.
  1786 | D        | Killed a death drake
  1792 | D        | Found Ras Ufy's Antique Weapon Shoppe.
  1835 | D        | Noticed a swamp drake
  1835 | D        | Noticed a fire drake
  1836 | D        | Killed a fire drake
  1865 | D        | Killed a swamp drake
  1874 | D        | Killed Nessos
  1908 | D        | Noticed a blink frog
  1908 | D        | Noticed a blink frog
  1920 | D        | Noticed a blink frog
  1920 | D        | Noticed a blink frog
  1920 | D        | Noticed a blink frog
  1922 | D        | Killed a blink frog
  1924 | D        | Killed a blink frog
  1926 | D        | Killed a blink frog
  1929 | D        | Killed a blink frog
  1932 | D        | Killed a blink frog
  1953 | D        | Learned a level 7 spell: Orb of Destruction
  1979 | D        | Noticed Rupert
  1983 | D        | Killed Rupert
  1983 | D        | Reached skill level 18 in Stealth
  1983 | D        | Reached XP level 12. HP: 51/51 MP: 32/34
  1990 | D        | Noticed a death yak
  1991 | D        | Noticed a death yak
  1991 | D        | Noticed a blink frog
  1994 | D        | Killed a blink frog
  1996 | D        | Noticed a blink frog
  1996 | D        | Killed a death yak
  1996 | D        | Killed a death yak
  1997 | D        | Noticed a death yak
  1999 | D        | Killed a blink frog
  2011 | D        | Noticed a death yak
  2015 | D        | Killed a death yak
  2155 | D        | Noticed a blink frog
  2156 | D        | Noticed a black mamba
  2157 | D        | Noticed a black mamba
  2158 | D        | Killed a black mamba
  2158 | D        | Killed a blink frog
  2158 | D        | Reached skill level 5 in Earth Magic
  2160 | D        | Killed a black mamba
  2169 | D        | Killed a death yak
  2281 | D        | Noticed an azure jelly
  2281 | D        | Noticed an azure jelly
  2302 | D        | Noticed a kraken
  2305 | D        | Noticed a snapping turtle
  2308 | D        | Noticed a snapping turtle
  2323 | D        | Noticed an alligator snapping turtle
  2323 | D        | Noticed a snapping turtle
  2326 | D        | Noticed a snapping turtle
  2327 | D        | Killed a snapping turtle
  2329 | D        | Noticed an alligator snapping turtle
  2614 | D        | Killed a snapping turtle
  3041 | D        | Killed a snapping turtle
  3045 | D        | Killed an alligator snapping turtle
  3045 | D        | Reached skill level 15 in Spellcasting
  3062 | D        | Killed a kraken
  3062 | D        | Reached skill level 19 in Stealth
  3145 | D        | Killed an alligator snapping turtle
  3149 | D        | Killed a snapping turtle
  3162 | D        | Found Quashur's Distillery.
  3162 | D        | Found Evvophu's Antique Weapon Boutique.
  3162 | D        | Found Hupin's Gadget Shoppe.
  3171 | D        | Got a barnacled rune of Zot
  3222 | D        | Noticed an azure jelly
  3222 | D        | Noticed an azure jelly
  3223 | D        | Noticed an elephant
  3223 | D        | Noticed an elephant
  3223 | D        | Noticed a dire elephant
  3223 | D        | Noticed a dire elephant
  3223 | D        | Noticed Gastronok
  3225 | D        | Killed Gastronok
  3226 | D        | Killed a dire elephant
  3228 | D        | Killed a dire elephant
  3232 | D        | Killed an elephant
  3234 | D        | Killed an elephant
  3234 | D        | Reached XP level 13. HP: 55/55 MP: 37/37
  3306 | D        | Noticed Harold
  3306 | D        | Noticed Joseph
  3308 | D        | Killed Harold
  3308 | D        | Reached skill level 20 in Stealth
  3309 | D        | Killed Joseph
  3356 | D        | Noticed an orc priest
  3356 | D        | Noticed an orc priest
  3356 | D        | Noticed an orc priest
  3356 | D        | Noticed an orc wizard
  3356 | D        | Noticed an orc wizard
  3356 | D        | Noticed an orc priest
  3357 | D        | Found Veixteaw's Food Boutique.
  3359 | D        | Killed an orc priest
  3360 | D        | Killed an orc priest
  3363 | D        | Killed an orc priest
  3364 | D        | Killed an orc wizard
  3368 | D        | Killed an orc priest
  3372 | D        | Killed an orc wizard
  3498 | D        | Noticed a deep elf conjurer
  3498 | D        | Noticed a deep elf summoner
  3498 | D        | Noticed a deep elf knight
  3498 | D        | Noticed a deep elf knight
  3498 | D        | Noticed a deep elf summoner
  3504 | D        | Noticed a deep elf annihilator
  3507 | D        | Noticed a deep elf annihilator
  3508 | D        | Killed a deep elf summoner
  3509 | D        | Killed a deep elf knight
  3509 | D        | Reached skill level 15 in Short Blades
  3509 | D        | Killed a deep elf knight
  3510 | D        | Killed a deep elf conjurer
  3521 | D        | Killed a deep elf summoner
  3653 | D        | Killed a deep elf annihilator
  3654 | D        | Noticed a deep elf death mage
  3657 | D        | Killed a deep elf death mage
  3657 | D        | Reached skill level 1 in Shields
  3659 | D        | Noticed a deep elf master archer
  3748 | D        | Noticed a deep elf annihilator
  3748 | D        | Noticed a deep elf conjurer
  3751 | D        | Noticed a deep elf death mage
  3763 | D        | Killed a deep elf master archer
  4097 | D        | Got a translucent jade ring
  4108 | D        | Identified the ring "Juujecej" {*Drain +Fly rN+ Str+9 Stlth+} (You took it off a deep elf master archer in the Dungeon)
  4258 | D        | Killed a deep elf conjurer
  4675 | D        | Learned a level 7 spell: Spellforged Servitor
  4686 | D        | Killed a deep elf annihilator
  4686 | D        | Reached skill level 1 in Evocations
  4692 | D        | Killed a deep elf death mage
  4831 | D        | Killed a deep elf annihilator
  4831 | D        | Reached skill level 21 in Stealth
  4831 | D        | Reached skill level 1 in Summonings
  4842 | D        | Got a bloodstained blowgun
  4849 | D        | Identified the Reference Book on Dislocated Battle Magic
  4854 | D        | Got a wavering glass ring
  4880 | D        | Got a fabulously ornate robe
  4895 | D        | Identified the +4 blowgun of Regicide {evade, Str+3} (You found it in the Dungeon)
  4915 | D        | Identified the cursed +0 robe "Gug Lova" {rElec rCorr Str-5} (You took it off a deep elf conjurer in the Dungeon)
  4971 | D        | Identified the ring of Fanuunes {+Inv Stlth+} (You found it in the Dungeon)
  5047 | D        | Killed a yaktaur
  5145 | D        | Noticed a yaktaur
  5145 | D        | Noticed a yaktaur captain
  5145 | D        | Noticed an orc priest
  5145 | D        | Noticed a yaktaur
  5146 | D        | Noticed an orc priest
  5148 | D        | Noticed a yaktaur
  5149 | D        | Killed a yaktaur
  5153 | D        | Killed a yaktaur captain
  5157 | D        | Killed a yaktaur
  5160 | D        | Killed a yaktaur
  5170 | D        | Noticed Azrael
  5172 | D        | Killed Azrael
  5319 | D        | Got a brightly glowing cloak
  5325 | D        | Identified the +0 cloak "Ysiokk" {*Corrode +Blink rPois MR+} (You acquired it in the Dungeon)
  5337 | D        | Noticed an orc high priest
  5337 | D        | Noticed an orc high priest
  5338 | D        | Killed an orc priest
  5339 | D        | Killed an orc priest
  5350 | D        | Killed an orc high priest
  5351 | D        | Killed an orc high priest
  5557 | D        | Noticed an obsidian statue
  5569 | D        | Killed an obsidian statue
  5634 | D        | Found Hibliena's Jewellery Emporium.
  5634 | D        | Found Iwkiv's Assorted Antiques.
  5634 | D        | Found Efinugag's Distillery.
  5634 | D        | Found Muivofes's General Store.
  5634 | D        | Found Xaodiso's Gadget Emporium.
  5634 | D        | Found Isurek's Antique Weapon Shop.
  5634 | D        | Found Joiddurgh's Food Emporium.
  5634 | D        | Found Zehul's Antique Armour Boutique.
  5635 | D        | Found Xusejoqe's Gadget Boutique.
  5635 | D        | Found Somnutaj's Magic Scroll Shoppe.
  5635 | D        | Found Dudae's General Store.
  5635 | D        | Found Qibbam's Book Emporium.
  5657 | D        | Bought a potion of heal wounds for 65 gold pieces
  5657 | D        | Bought a potion of curing for 39 gold pieces
  5657 | D        | Bought a potion of curing for 39 gold pieces
  5660 | D        | Bought an ominously black robe for 131 gold pieces
  5670 | D        | Identified the +1 robe "Lyrph" {*Corrode rF+ Str+4 Int+6} (You bought it in a shop in the Dungeon)
  5696 | D        | Noticed a spriggan defender
  5697 | D        | Noticed a spriggan defender
  5697 | D        | Noticed a spriggan defender
  5697 | D        | Noticed a spriggan defender
  5698 | D        | Killed a spriggan defender
  5699 | D        | Killed a spriggan defender
  5701 | D        | Killed a spriggan defender
  5702 | D        | Killed a spriggan defender
  5777 | D        | Noticed a centaur warrior
  5781 | D        | Killed a centaur warrior
  5802 | D        | Noticed a fire dragon
  5806 | D        | Killed a fire dragon
  5819 | D        | Noticed a glaive of venom
  5819 | D        | Noticed a battleaxe of freezing
  5820 | D        | Noticed a long sword of electrocution
  5821 | D        | Noticed a dire flail of protection
  5822 | D        | Killed a long sword of electrocution
  5824 | D        | Killed a dire flail of protection
  5826 | D        | Killed a glaive of venom
  5826 | D        | Reached XP level 14. HP: 59/59 MP: 39/39
  5828 | D        | Killed a battleaxe of freezing
  5864 | D        | Noticed a manticore
  5864 | D        | Noticed a white ugly thing
  5864 | D        | Noticed a deep troll
  5866 | D        | a deep troll changed into a sea snake
  5874 | D        | Killed a white ugly thing
  5965 | D        | Noticed a yaktaur captain
  5968 | D        | Killed a yaktaur captain
  6088 | D        | Noticed Chuck
  6091 | D        | Noticed a slime creature
  6093 | D        | Killed a slime creature
  6109 | D        | Killed Chuck
  6109 | D        | Reached skill level 5 in Shields
  6228 | D        | Got a steaming rapier
  6240 | D        | Identified the +11 rapier of Kum Diha {venom, rPois rF+ Str+4} (You found it in the Dungeon)
  6319 | D        | Noticed a water nymph
  6319 | D        | Noticed Norris
  6321 | D        | Killed Norris
  6321 | D        | Reached skill level 22 in Stealth
  6321 | D        | Reached skill level 5 in Evocations
  6324 | D        | a water nymph changed into a ghost crab
  6382 | D        | Noticed a shock serpent
  6385 | D        | Killed a shock serpent
  6462 | D        | Killed a yaktaur
  6611 | D        | Noticed a purple ugly thing
  6614 | D        | Killed a purple ugly thing
  6621 | D        | Noticed a giant orange brain
  6622 | D        | Noticed a lich
  6623 | D        | Killed a giant orange brain
  6626 | D        | Killed a lich
  6636 | D        | Noticed a white ugly thing
  6639 | D        | Killed a white ugly thing
  6645 | D        | Noticed a shadow dragon
  6645 | D        | Noticed an ogre mage
  6645 | D        | Noticed a shadow dragon
  6647 | D        | Killed a shadow dragon
  6651 | D        | Killed an ogre mage
  6651 | D        | Reached skill level 10 in Poison Magic
  6661 | D        | Killed a shadow dragon
  6747 | D        | Noticed an obsidian statue
  6747 | D        | Noticed a deep troll
  6748 | D        | Noticed a slime creature
  6748 | D        | Noticed a torpor snail
  6749 | D        | Killed a deep troll
  6752 | D        | Killed a torpor snail
  6754 | D        | Killed a slime creature
  6764 | D        | Killed an obsidian statue
  7010 | D        | Bought a manual of Stealth for 1545 gold pieces
  7024 | D        | Noticed a crystal guardian
  7024 | D        | Noticed a crystal guardian
  7024 | D        | Noticed a crystal guardian
  7026 | D        | Noticed a crystal guardian
  7027 | D        | Killed a crystal guardian
  7030 | D        | Killed a crystal guardian
  7033 | D        | Killed a crystal guardian
  7036 | D        | Killed a crystal guardian
  7099 | D        | Noticed a guardian mummy
  7101 | D        | Killed a guardian mummy
  7205 | D        | Noticed a necromancer
  7207 | D        | Killed a necromancer
  7270 | D        | Noticed a guardian mummy
  7272 | D        | Killed a guardian mummy
  7272 | D        | Reached skill level 23 in Stealth
  7291 | D        | Noticed a guardian mummy
  7293 | D        | Killed a guardian mummy
  7301 | D        | Noticed a vampire knight
  7307 | D        | Killed a vampire knight
  7325 | D        | Noticed a skeletal warrior
  7334 | D        | Killed a skeletal warrior
  7389 | D        | Noticed a guardian mummy
  7391 | D        | Killed a guardian mummy
  7628 | D        | Noticed a vampire knight
  7636 | D        | Killed a vampire knight
  7657 | D        | Noticed a necromancer
  7659 | D        | Killed a necromancer
  7673 | D        | Noticed a guardian mummy
  7675 | D        | Killed a guardian mummy
  7723 | D        | Noticed a guardian mummy
  7725 | D        | Killed a guardian mummy
  7730 | D        | Noticed a vampire knight
  7735 | D        | Killed a vampire knight
  7832 | D        | Noticed a bone dragon
  7851 | D        | Killed a bone dragon
  7851 | D        | Reached skill level 10 in Ice Magic
  7960 | D        | Noticed a guardian mummy
  7962 | D        | Killed a guardian mummy
  8081 | D        | Noticed a guardian mummy
  8088 | D        | Noticed a sphinx
  8088 | D        | Noticed a sphinx
  8088 | D        | Noticed a mummy priest
  8088 | D        | Noticed a guardian mummy
  8088 | D        | Noticed a mummy priest
  8089 | D        | Killed a guardian mummy
  8091 | D        | Killed a sphinx
  8091 | D        | Reached skill level 5 in Summonings
  8091 | D        | Reached XP level 15. HP: 63/63 MP: 36/42
  8093 | D        | Killed a mummy priest
  8094 | D        | Killed a sphinx
  8239 | D        | Killed a mummy priest
  8240 | D        | Killed a guardian mummy
  8402 | D        | Noticed a guardian mummy
  8402 | D        | Noticed a guardian mummy
  8402 | D        | Noticed a mummy priest
  8403 | D        | Killed a mummy priest
  8405 | D        | Killed a guardian mummy
  8406 | D        | Killed a guardian mummy
  8533 | D        | Learned a level 6 spell: Deflect Missiles
  8543 | D        | Noticed a guardian mummy
  8544 | D        | Noticed a guardian mummy
  8544 | D        | Noticed a guardian mummy
  8545 | D        | Killed a guardian mummy
  8548 | D        | Killed a guardian mummy
  8551 | D        | Killed a guardian mummy
  8566 | D        | Noticed a mummy priest
  8567 | D        | Noticed a guardian mummy
  8567 | D        | Noticed a guardian mummy
  8569 | D        | Killed a mummy priest
  8569 | D        | Reached skill level 1 in Charms
  8723 | D        | Noticed a guardian mummy
  8724 | D        | Killed a guardian mummy
  8725 | D        | Killed a guardian mummy
  8727 | D        | Killed a guardian mummy
  9402 | D        | Bought a scroll of identify for 24 gold pieces
 10139 | D        | Noticed a skeletal warrior
 10147 | D        | Killed a skeletal warrior
 10417 | D        | Killed an azure jelly
 10417 | D        | Reached skill level 24 in Stealth
 10417 | D        | Reached skill level 1 in Air Magic
 10420 | D        | Killed an azure jelly
 10435 | D        | Killed an azure jelly
 10620 | D        | Killed an azure jelly
 10832 | D        | Noticed a polar bear simulacrum
 10832 | D        | Noticed a wolf simulacrum
 10833 | D        | Noticed a fire dragon simulacrum
 10833 | D        | Noticed a fire dragon simulacrum
 10834 | D        | Killed a wolf simulacrum
 10835 | D        | HP: 3/61 [something (12)]
 11135 | D        | Killed a fire dragon simulacrum
 11136 | D        | Killed a polar bear simulacrum
 11137 | D        | Killed a fire dragon simulacrum
 11541 | D        | Noticed a swamp dragon skeleton
 11541 | D        | Noticed a swamp dragon skeleton
 11543 | D        | Killed a swamp dragon skeleton
 11545 | D        | Killed a swamp dragon skeleton
 11715 | D        | Noticed a seven-headed hydra
 11715 | D        | Noticed a spectral four-headed hydra
 11717 | D        | Killed a seven-headed hydra
 11719 | D        | Killed a spectral four-headed hydra
 11721 | D        | Got a decaying rune of Zot
 12032 | D        | Noticed a titan
 12032 | D        | Noticed a vault guard
 12032 | D        | Noticed a vault guard
 12033 | D        | Noticed a frost giant
 12033 | D        | Noticed a vault guard
 12033 | D        | Noticed a vault guard
 12033 | D        | Noticed a titan
 12033 | D        | Noticed a vault guard
 12033 | D        | Noticed a vault guard
 12033 | D        | Noticed a skeletal warrior
 12033 | D        | Noticed a stone giant
 12033 | D        | Noticed a vault guard
 12033 | D        | Noticed a vault guard
 12033 | D        | Noticed a skeletal warrior
 12033 | D        | Noticed a shadow dragon
 12033 | D        | Noticed a vault guard
 12033 | D        | Noticed a vault guard
 12033 | D        | Noticed a slime creature
 12033 | D        | Noticed a brown ugly thing
 12033 | D        | Noticed a shadow dragon
 12033 | D        | Noticed a vault guard
 12033 | D        | Noticed a vault guard
 12033 | D        | Noticed a shadow dragon
 12033 | D        | Noticed a vault guard
 12033 | D        | Noticed a vault guard
 12033 | D        | Noticed a frost giant
 12033 | D        | Noticed a vault guard
 12033 | D        | Noticed a vault guard
 12035 | D        | Killed from afar by a titan

Vault maps used:
D:        dungeon_sprint_mu

Action                   |  1- 3 |  4- 6 |  7- 9 | 10-12 | 13-15 || total
-------------------------+-------+-------+-------+-------+-------++-------
Melee: Dagger            |    16 |    11 |    47 |   126 |    26 ||   226
       Quick blade       |       |       |       |       |   149 ||   149
       Rapier            |       |       |       |       |   109 ||   109
 Cast: Ensorcelled Hiber |     5 |     1 |     7 |    21 |     6 ||    40
       Dazzling Spray    |       |     6 |     5 |    18 |    54 ||    83
       Tukima's Dance    |       |     2 |       |       |     8 ||    10
       Confuse           |       |       |     2 |       |     4 ||     6
       Iskenderun's Myst |       |       |     2 |       |    14 ||    16
       Fulminant Prism   |       |       |     1 |     5 |     4 ||    10
       Venom Bolt        |       |       |       |    12 |    34 ||    46
       Iron Shot         |       |       |       |       |    30 ||    30
       Orb of Destructio |       |       |       |       |     1 ||     1
Invok: Shadow Step       |       |       |       |    11 |    12 ||    23
 Abil: Evoke Flight      |       |       |       |       |    11 ||    11
       Evoke Invisibilit |       |       |       |       |    10 ||    10
       Stop Flying       |       |       |       |       |     1 ||     1
Evoke: Wand              |       |       |       |       |     2 ||     2
  Use: Potion            |     2 |     1 |       |     1 |     5 ||     9
       Scroll            |     1 |       |       |       |    18 ||    19
 Stab: Sleeping          |     5 |     4 |     9 |    43 |    74 ||   135
       Confused          |       |       |     1 |       |       ||     1
       Invisible         |       |       |     3 |     2 |     4 ||     9
       Distracted        |       |       |       |       |     2 ||     2
  Eat: Bread ration      |       |       |       |     1 |     1 ||     2
       Fruit             |       |       |       |       |     9 ||     9
